[Event "Icelandic Championship 2024"]
[Site "Mosfellsbaer"]
[Date "2024.04.19"]
[Round "4.6"]
[White "Stefansson, Vignir Vatnar"]
[Black "Birkisson, Bardur Orn"]
[Result "1-0"]
[ECO "E61"]
[WhiteElo "2459"]
[BlackElo "2169"]
[Annotator "TA"]
[PlyCount "75"]
[EventDate "2024.04.16"]
[EventType "tourn"]
[EventCountry "ISL"]
[SourceTitle "playchess.com"]
[Source "ChessBase"]
[SourceQuality "1"]
[TimeControl "40/5400+30:1800+30"]

1. c4 e5 2. Nc3 Nf6 3. e3 d6 4. Nf3 Nbd7 5. d4 g6 6. Be2 Bg7 7. O-O O-O 8. Qc2 Re8 9. b4 c6 10. a4 exd4 11. exd4 d5 {[%emt 0:02:59] The position is equal.} 12. c5 Nf8 13. Bd3 Ne6 14. Rd1 Qc7 {[%emt 0:05:03] Hoping for ...Ng4.} 15. Ne2 Ne4 16. Be3 Bd7 17. Rab1 b6 18. Rdc1 f5 19. g3 Rf8 (19... bxc5 $14 20. dxc5 (20. bxc5 g5 $14) 20... Rac8) 20. Nf4 Rae8 {[%emt 0:03:03] [#]} (20... bxc5 $16 21. dxc5 Nd8) 21. h4 (21. cxb6 $1 $18 {is more deadly.} axb6 22. b5) 21... Nd8 {[%emt 0:09:33] [#]} (21... bxc5 $16 {was called for.} 22. bxc5 Bc8) 22. Kg2 $2 (22. cxb6 $1 $18 axb6 23. b5) 22... Nf7 $2 (22... bxc5 $1 $14 23. dxc5 (23. bxc5 Nf7 $16) 23... Nc3) 23. cxb6 $18 axb6 24. b5 c5 (24... Rc8 {is a better defense.} 25. bxc6 Qxc6 26. Qxc6 Rxc6 27. Rxc6 (27. Nxd5 Rxc1 28. Rxc1 Bxa4 $18) 27... Bxc6 28. Rxb6 Bxa4 29. Nxd5 Rd8) 25. dxc5 ({Don't do} 25. Nxd5 Qd6 $18) 25... bxc5 26. Bxc5 Nxc5 27. Qxc5 Qa5 28. Qxd5 Bc8 29. Qb3 Bb7 30. Bc4 Re7 31. Bd5 Ra8 32. Bxb7 Rxb7 33. Rc4 Kh8 34. Rbc1 Rbb8 {[%emt 0:01:01] Dodges Rc8+} 35. Rc7 Nd6 36. Ne6 Bf6 37. Nfg5 Qxa4 38. Qd5 {[%emt 0:00:26] Weighted Error Value: White=0.24 (precise) /Black=0.58.  Loses game:     	---       	Black=1      Missed win:     	White=1     	---        Mistake:       	White=1     	Black=4      Inaccurate:     	---       	Black=3      OK:         	White=9     	Black=2} 1-0

[Event "Icelandic Championship 2024"]
[Site "Mosfellsbaer"]
[Date "2024.04.20"]
[Round "5.1"]
[White "Birkisson, Bardur Orn"]
[Black "Steingrimsson, Hedinn"]
[Result "0-1"]
[ECO "B51"]
[WhiteElo "2169"]
[BlackElo "2502"]
[Annotator "TA"]
[PlyCount "80"]
[EventDate "2024.04.16"]
[EventType "tourn"]
[EventCountry "ISL"]
[SourceTitle "playchess.com"]
[Source "ChessBase"]
[SourceQuality "1"]
[TimeControl "40/5400+30:1800+30"]

1. e4 c5 2. Nf3 d6 3. Bb5+ Nd7 4. a4 Ngf6 5. Nc3 g6 6. a5 Bg7 7. O-O a6 8. Be2 {[%emt 0:01:45] White is slightly better.} O-O 9. d3 b5 10. axb6 Nxb6 11. Qd2 e5 12. Qg5 Qe8 (12... Qc7 $11) 13. Qh4 (13. Nd2 $16) 13... Nh5 $1 $11 14. Ne1 Bf6 $1 15. Bg5 Bxg5 16. Qxg5 Nf4 17. Bf3 Ra7 18. Ne2 (18. Qf6 {is more complex.} Qe6 19. Qxe6 Nxe6 20. Nb5) 18... Ne6 $36 {[%emt 0:00:41][%mdl 2048] Black is more active.} 19. Qg3 Kh8 20. c3 (20. Qh4 $11 {keeps the balance.}) 20... f5 $17 21. d4 f4 22. Qh4 cxd4 23. cxd4 h5 {[%emt 0:00:16] And now ...Rh7 would win.} 24. d5 Nd8 ({Black should try} 24... Nc5 $17 {Threatens to win with ...Nc4.} 25. Nc1 Rg7) 25. Nc3 Nc4 26. Nb1 {[%emt 0:05:01] Against Nd2} ({Better is} 26. Rc1 $11) 26... Nxb2 27. Be2 Na4 28. f3 Nc5 29. Na3 Rg7 30. Qf2 g5 {[%emt 0:05:32] Black is more active.} 31. Nc4 {[%emt 0:00:09] [#]} Qe7 32. Nb6 Bb7 33. Nd3 Nb3 34. Ra3 (34. Ra4 $17) 34... Nd4 $19 35. h3 $2 (35. Ra4 {might work better.}) 35... Nf7 {[%emt 0:01:28][%cal Og5g4] Strongly threatening ...g4!} 36. Rc1 $2 {[%emt 0:00:11] [#]} (36. Ra4 g4 37. hxg4 Nxe2+ (37... hxg4 $2 38. fxg4 Nxe2+ 39. Qxe2 $19) 38. Qxe2 hxg4 39. fxg4) 36... g4 $1 {[%emt 0:01:15][%mdl 512] Black is clearly winning.} 37. hxg4 (37. Ne1 gxh3) 37... hxg4 38. fxg4 Ng5 39. Ne1 Nxe4 40. Rh3+ Kg8 {[%emt 0:00:31] Weighted Error Value: White=0.58/Black=0.10 (very precise) .  Mistake:       	White=7     	Black=2      Inaccurate:     	White=4     	Black=1      OK:         	White=7     	Black=11     Best:        	White=3     	Black=2      Strong:       	---       	Black=2      Brilliant:      	---       	Black=1} 0-1

[Event "Icelandic Championship 2024"]
[Site "Mosfellsbaer"]
[Date "2024.04.20"]
[Round "5.2"]
[White "Ptacnikova, Lenka"]
[Black "Stefansson, Vignir Vatnar"]
[Result "1/2-1/2"]
[ECO "A80"]
[WhiteElo "2127"]
[BlackElo "2459"]
[Annotator "TA"]
[PlyCount "78"]
[EventDate "2024.04.16"]
[EventType "tourn"]
[EventCountry "ISL"]
[SourceTitle "playchess.com"]
[Source "ChessBase"]
[SourceQuality "1"]
[TimeControl "40/5400+30:1800+30"]

1. d4 f5 2. Nc3 Nf6 3. Bg5 d5 4. e3 e6 5. Bxf6 Qxf6 6. Nb5 Qd8 7. c4 Be7 8. Nf3 {[%emt 0:11:19] White has an edge.} c6 9. Nc3 Nd7 10. Be2 Bd6 11. Qc2 O-O 12. g3 a6 13. c5 Bc7 14. b4 Qf6 15. a4 g5 (15... e5 $15) 16. h4 (16. Rd1 $11) 16... g4 $17 17. Nd2 e5 18. Nb3 Qg7 (18... f4 $17 {aiming for ...fxg3.} 19. O-O-O fxe3 20. fxe3 e4) 19. O-O-O Nf6 20. Bd3 Ne4 21. Bxe4 dxe4 (21... fxe4 $15 22. Rh2 Bd7) 22. d5 $14 Bd7 ({Black should play} 22... Bd8 $1 $14) 23. d6 $16 Bd8 24. a5 {[%emt 0:02:14] White is more active.} Be6 25. Nd2 Qg6 26. Rhe1 Rf7 27. Kb2 Bf6 28. Ka3 Raf8 29. Qb2 Bg7 30. Re2 Bh6 31. Rde1 Qf6 32. Rd1 (32. Rh1 $16) 32... Rd8 (32... Qg6 $1 $11 {keeps the balance.}) 33. Qc2 Kf8 34. Qb2 (34. Na4 $16) 34... Ke8 (34... Kg8 $1 $11 {remains equal.}) 35. Qc2 (35. Na4 $16) 35... Kd7 (35... Kf8 $11) 36. Qb2 (36. Na4 $16) 36... Rdf8 $2 {[%emt 0:00:50][%mdl 8192] [#]} (36... Ke8 $1 $11 {and Black stays safe.}) 37. Qc2 $2 ({Resist} 37. Na4 $6 Rd8 38. Nb6+ Ke8 $18) (37. b5 $1 $18 axb5 38. Nxb5) 37... Rg7 $2 (37... Rd8 $1 $11) 38. Qb2 $2 (38. Na4 $18) 38... Bf7 $2 (38... Rgf7 $11 {and Black has nothing to worry.}) 39. Na4 (39. b5 $142 axb5 40. Nxb5) 39... Kd8 {[%emt 0:04:27][%mdl 32768] Weighted Error Value: White=0.50/Black=0.60.  Loses game:     	---       	Black=3      Missed win:     	White=2     	---        Mistake:       	White=6     	Black=7      Inaccurate:     	White=2     	Black=1      OK:         	White=11    	Black=6      Best:        	White=2     	Black=1     . An unexpected result.} 1/2-1/2

[Event "Icelandic Championship 2024"]
[Site "Mosfellsbaer"]
[Date "2024.04.20"]
[Round "5.3"]
[White "Ragnarsson, Dagur"]
[Black "Kjartansson, Gudmundur"]
[Result "1-0"]
[ECO "D02"]
[WhiteElo "2333"]
[BlackElo "2480"]
[Annotator "TA"]
[PlyCount "37"]
[EventDate "2024.04.16"]
[EventType "tourn"]
[EventCountry "ISL"]
[SourceTitle "playchess.com"]
[Source "ChessBase"]
[SourceQuality "1"]
[TimeControl "40/5400+30:1800+30"]

1. Nf3 d5 2. g3 Nc6 3. d4 Bf5 4. Bg2 Qd7 5. h3 O-O-O 6. Nh4 (6. c3 $11) 6... Be6 7. f4 h5 (7... Kb8 $15) 8. e3 {[%emt 0:08:28] The position is equal.} g6 9. Nd2 Nh6 10. Nb3 b6 {[%emt 0:01:46] Inhibits Nc5.} 11. Qe2 a5 12. Bd2 Nf5 13. Nxf5 Bxf5 (13... gxf5 $11 {remains equal.} 14. h4 f6) 14. Qa6+ (14. c4 $1 $16 e6 15. c5) 14... Kb8 $11 15. c4 Bd3 16. Rc1 $40 {[%emt 0:09:43][%cal Ob3c5][%mdl 128] White attacks.} (16. Bxd5 Qxd5 17. cxd5 Bxa6 $17) 16... e6 {[%emt 0:01:10] [#]} (16... dxc4 $2 {too greedy.} 17. Nxa5 bxa5 18. Bxc6 $18) (16... Bxc4 $2 17. Rxc4 e6 (17... dxc4 $2 18. Nxa5 bxa5 19. Bxc6 $18) 18. Rxc6 Qxc6 19. Nxa5 $18) (16... e5 $11 {keeps the balance.} 17. dxe5 Qf5 (17... Bxc4 $2 18. Rxc4 h4 19. Rxc6 $18)) 17. a3 $1 $16 Bxc4 $2 (17... dxc4 $2 {loses.} 18. Nxa5 bxa5 19. Bxc6 $18) (17... Be4 $14 18. Bxe4 dxe4) 18. Rxc4 $18 dxc4 $2 {[%emt 0:00:06] [#]} (18... Na7 19. Rc3 Qc8) 19. Nxa5 $1 {[%emt 0:00:59][%mdl 512] Weighted Error Value: White=0.21 (precise) /Black=0.58.  Loses game:     	---       	Black=1      Mistake:       	White=1     	Black=4      Inaccurate:     	---       	Black=3      OK:         	White=3     	---        Strong:       	White=1     	---        Brilliant:      	White=1     	---} 1-0

[Event "Icelandic Championship 2024"]
[Site "Mosfellsbaer"]
[Date "2024.04.20"]
[Round "5.4"]
[White "Gretarsson, Hjorvar Steinn"]
[Black "Domalchuk-Jonasson, Aleksandr"]
[Result "1-0"]
[ECO "C70"]
[WhiteElo "2518"]
[BlackElo "2368"]
[Annotator "TA"]
[PlyCount "69"]
[EventDate "2024.04.16"]
[EventType "tourn"]
[EventCountry "ISL"]
[SourceTitle "playchess.com"]
[Source "ChessBase"]
[SourceQuality "1"]
[TimeControl "40/5400+30:1800+30"]

1. e4 e5 2. Nf3 Nc6 3. Bb5 a6 4. Ba4 f5 5. d4 exd4 6. e5 (6. Nxd4 Nxd4 7. Qxd4 Nf6 $16) (6. exf5 Qe7+ 7. Kf1 Qe4 $11) 6... b5 7. Bb3 Bb7 8. O-O {[%emt 0:15:46][%cal Of1e1] White is slightly better.} (8. Nxd4 $2 Nxd4 9. Qxd4 c5 $19) 8... Na5 $1 9. Nxd4 (9. Qxd4 c5 10. Qf4 c4 $15) 9... c5 10. Nxf5 {[%emt 0:10:18] White is more active.} c4 $1 11. Qg4 Qb6 $1 12. Nxg7+ (12. Be3 Qg6 13. Qh3 (13. Qxg6+ $2 hxg6 14. Nd6+ Bxd6 $19) 13... cxb3 14. cxb3 Qe6 $19 (14... Nc6 15. Nd2 $17)) 12... Bxg7 13. Qxg7 Qg6 14. Qxg6+ (14. Qxh8 $2 Qxg2#) (14. Bh6 $2 Qxh6 15. Qxh8 O-O-O $19) 14... hxg6 15. Bd2 Nc6 {[%emt 0:00:25] [#]} 16. Bxc4 $1 bxc4 17. Na3 Nce7 (17... Nxe5 $2 18. Rae1 d6 19. f4 $18) (17... Nd4 $11) 18. Nxc4 $16 {[%emt 0:02:19] Hoping for Nd6+.} Nf5 19. Bg5 Rc8 20. b3 Rc5 21. Rfe1 Kf8 {[%emt 0:37:58] A mistake that costs the game.} (21... Bd5 $16) 22. Rad1 $18 Rh7 23. Rd2 Bc6 24. e6 Rd5 $2 (24... dxe6 {was necessary.} 25. Rd8+ (25. Rxe6 Rd7 $16) 25... Kf7 26. Ne5+ Kg7) 25. Ne5 {[%emt 0:00:46] [#] aiming for Rxd5.} Rxd2 26. Bxd2 Nf6 27. Bg5 {[%emt 0:01:19] White is clearly winning.} ({Not} 27. Nxg6+ Kg8 28. Ne5 Re7 29. exd7 Bxd7 $18) 27... Kg7 28. Rd1 {[%emt 0:00:46] Dodges Nd4} Rh8 29. exd7 Bxd7 30. Bxf6+ ({Weaker is} 30. Rxd7+ Nxd7 31. Nxd7 Re8 $16) 30... Kxf6 31. Nxd7+ {[%emt 0:00:04] KRN-KRN} Ke7 32. Ne5 Rc8 33. c4 Kf6 34. f4 g5 35. Ng4+ {[%emt 0:00:44] Weighted Error Value: White=0.05 (flawless) /Black=0.35.  Mistake:       	---       	Black=3      Inaccurate:     	---       	Black=1      OK:         	White=13    	Black=7      Best:        	White=3     	Black=1      Strong:       	---       	Black=3      Brilliant:      	White=1     	---} 1-0

[Event "Icelandic Championship 2024"]
[Site "Mosfellsbaer"]
[Date "2024.04.20"]
[Round "5.5"]
[White "Prudnykova, Olga"]
[Black "Gretarsson, Helgi Ass"]
[Result "0-1"]
[ECO "B06"]
[WhiteElo "2263"]
[BlackElo "2468"]
[Annotator "TA"]
[PlyCount "78"]
[EventDate "2024.04.16"]
[EventType "tourn"]
[EventCountry "ISL"]
[SourceTitle "playchess.com"]
[Source "ChessBase"]
[SourceQuality "1"]
[TimeControl "40/5400+30:1800+30"]

1. e4 g6 2. d4 Bg7 3. Nc3 d6 4. Be3 a6 5. Qd2 b5 6. h4 h6 7. f3 Bb7 8. a4 {[%emt 0:08:53] White is slightly better.} c6 9. Nh3 Nd7 10. g4 e6 11. g5 h5 12. Nf4 Ne7 13. Bh3 O-O $1 14. Nd3 Qc7 15. Qh2 (15. O-O $14) 15... Nb6 16. Bf4 Nc4 17. Ne2 Rad8 18. b3 (18. O-O $1 $14) 18... e5 $1 $15 19. Bc1 {[%emt 0:07:14] [#]} (19. bxc4 $15 exf4 20. cxb5) 19... exd4 $1 $17 20. bxc4 bxc4 21. Nb2 Qa5+ (21... d3 $1 $17 22. cxd3 cxd3) 22. Kf1 ({But not} 22. Bd2 $2 c3 23. O-O cxd2 $19) 22... d5 {[%emt 0:00:33][%mdl 1024] Black has strong compensation.} 23. e5 c5 24. f4 $1 Nc6 (24... d3 {seems wilder.} 25. cxd3 cxd3 26. Nxd3 d4) 25. Qf2 Nb4 26. Ng3 d3 $36 {[%emt 0:00:39][%mdl 2048] Black is in control.} 27. cxd3 c3 ({Reject} 27... Nxd3 $6 28. Nxd3 cxd3 29. Bg2 $11) ({Stronger than} 27... cxd3 28. Bd2 $16) 28. Nd1 ({White should try} 28. d4 $1 $15) 28... Nxd3 {[%emt 0:00:05] Black is more active.} 29. Qc2 {[%emt 0:00:48] [#]} (29. Qe2 $17 c4 30. Bg2) 29... Nxe5 $1 $19 30. fxe5 (30. Rb1 Bc6) 30... Bxe5 {[%emt 0:00:00][%cal Od5d4] Hoping for ...d4!} 31. Rg1 $2 (31. Rb1 {is a better defense.} Bc6 32. Nxc3) 31... d4 {[%emt 0:00:09] ...d3 would now be deadly.} 32. Nf2 c4 {[%emt 0:00:09] And now ...d3 would win.} 33. Qe2 (33. Qb1 Bd5 34. Nf5) 33... d3 34. Qd1 c2 35. Qd2 Qxd2 36. Bxd2 Bxa1 37. Nge4 {[%emt 0:00:26] [#]} c3 $1 38. Bc1 (38. Nf6+ Kh8) 38... d2 39. Ke2 Bxe4 {[%emt 0:00:24] Weighted Error Value: White=1.18/Black=0.52.  Mistake:       	White=7     	Black=1      Inaccurate:     	White=5     	Black=6      OK:         	White=7     	Black=7      Best:        	White=1     	Black=5      Strong:       	White=1     	Black=3      Brilliant:      	---       	Black=1} 0-1

[Event "Icelandic Championship 2024"]
[Site "Mosfellsbaer"]
[Date "2024.04.20"]
[Round "5.6"]
[White "Heimisson, Hilmir Freyr"]
[Black "Stefansson, Hannes"]
[Result "1-0"]
[ECO "C58"]
[WhiteElo "2361"]
[BlackElo "2493"]
[Annotator "TA"]
[PlyCount "73"]
[EventDate "2024.04.16"]
[EventType "tourn"]
[EventCountry "ISL"]
[SourceTitle "playchess.com"]
[Source "ChessBase"]
[SourceQuality "1"]
[TimeControl "40/5400+30:1800+30"]

1. e4 e5 2. Nf3 Nc6 3. Bc4 Nf6 4. Ng5 d5 5. exd5 Na5 6. Bb5+ c6 7. dxc6 bxc6 8. Bd3 Nd5 9. Nf3 (9. Nxh7 $2 Nf4 10. Be4 Rxh7 $17) 9... Bd6 10. O-O Nf4 {[%emt 0:00:46] The position is equal.} 11. Nc3 Nxd3 12. cxd3 O-O 13. Re1 Re8 14. Ne4 c5 15. b3 Nc6 16. Ba3 Bg4 17. Nxd6 (17. Bxc5 Bxc5 18. Rc1 (18. Nxc5 Nd4 $17) 18... Bxf3 19. gxf3 Bxf2+ 20. Nxf2 Nd4 $17) 17... Qxd6 18. Rc1 Qxd3 {[%emt 0:09:51] And now ...e4 would win.} 19. Re3 (19. Bxc5 e4 20. Re3 Qd7 $15) 19... Qd7 20. h3 Bh5 21. Rxc5 (21. Bxc5 e4 22. g4 exf3 23. gxh5 Rxe3 24. Bxe3 Nd4 $15 (24... Qxh3 25. Qf1 $11)) 21... f6 22. Qc2 Re6 (22... Nd8 $14) 23. Qc4 {[%emt 0:01:34][%cal Od2d4] aiming for d4!} Bf7 24. Qa4 (24. Rc3 $16 Rc8 25. Qa6) 24... Be8 25. Rec3 e4 26. Nh2 Qxd2 {[%emt 0:02:26] [#] Hoping for ...Nd4.} 27. Nf1 $1 (27. Rxc6 $2 e3 28. Rxe3 (28. fxe3 $2 Bxc6 29. Rxc6 Qxe3+ 30. Kh1 Qe1+ $19) 28... Bxc6 $19 (28... Rxc6 $2 29. Nf1 $19)) 27... Qd7 28. Ne3 Kh8 29. Rc1 Rd8 30. Rd5 Qc8 31. Qc4 {[%emt 0:00:56] Rxd8 is the strong threat. White has more active pieces.} Rxd5 (31... Bf7 $16 32. Qb5 Be8) 32. Nxd5 $40 {[%emt 0:00:14][%cal Od5c7][%mdl 128] Threatens to win with Nc7! White wants a kill.} ({Don't take} 32. Qxd5 $6 Qd7 33. Rd1 Qxd5 34. Nxd5 (34. Rxd5 Kg8 $16) 34... e3) 32... Qd7 (32... e3 {is a better defense.} 33. Nxe3 (33. fxe3 Bd7 $18) 33... Qd7) 33. Nc7 $1 Re5 (33... Nd8 $142 34. Nxe6 Nxe6 35. Qxe4 Kg8) 34. Nxe8 Na5 35. Qa6 {[%emt 0:00:59][%cal Oe8f6] Intending Nxf6! and mate.} e3 36. fxe3 {[%emt 0:00:18][%cal Oe8f6] Nxf6! would kill now.} Qd2 {[%emt 0:01:49] [#]} 37. Nxf6 $1 {[%emt 0:00:40] Weighted Error Value: White=0.08 (flawless) /Black=0.44.  Mistake:       	White=1     	Black=4      Inaccurate:     	---       	Black=3      OK:         	White=13    	Black=9      Best:        	White=2     	Black=1      Strong:       	White=2     	---} 1-0

[Event "Icelandic Championship 2024"]
[Site "Mosfellsbaer"]
[Date "2024.04.21"]
[Round "6.1"]
[White "Steingrimsson, Hedinn"]
[Black "Stefansson, Hannes"]
[Result "1/2-1/2"]
[ECO "D38"]
[WhiteElo "2502"]
[BlackElo "2493"]
[Annotator "TA"]
[PlyCount "49"]
[EventDate "2024.04.16"]
[EventType "tourn"]
[EventCountry "ISL"]
[SourceTitle "playchess.com"]
[Source "ChessBase"]
[SourceQuality "1"]
[TimeControl "40/5400+30:1800+30"]

1. d4 Nf6 2. c4 e6 3. Nf3 d5 4. Nc3 Bb4 5. cxd5 exd5 6. Bg5 h6 7. Bh4 O-O 8. e3 Bf5 9. Be2 Nbd7 10. Qb3 Bxc3+ 11. Qxc3 c6 12. Nd2 Bg6 13. a4 Ne4 14. Bxd8 Nxc3 15. bxc3 Rfxd8 16. Nf1 c5 17. Ng3 Rac8 18. Kd2 cxd4 19. exd4 Nb6 20. a5 Nc4+ {[%emt 0:01:17] The position is equal.} 21. Bxc4 dxc4 ({Of course not} 21... Rxc4 22. Rhe1 $14) 22. Rhe1 Rd5 23. Ra2 Rb5 24. Ne4 Bxe4 25. Rxe4 {[%emt 0:00:08] Weighted Error Value: White=0.05 (flawless) /Black=0.05 (flawless) .  Inaccurate:     	White=1     	Black=1      OK:         	White=8     	Black=9} 1/2-1/2

[Event "Icelandic Championship 2024"]
[Site "Mosfellsbaer"]
[Date "2024.04.21"]
[Round "6.2"]
[White "Gretarsson, Helgi Ass"]
[Black "Heimisson, Hilmir Freyr"]
[Result "1-0"]
[ECO "D12"]
[WhiteElo "2468"]
[BlackElo "2361"]
[Annotator "TA"]
[PlyCount "155"]
[EventDate "2024.04.16"]
[EventType "tourn"]
[EventCountry "ISL"]
[SourceTitle "playchess.com"]
[Source "ChessBase"]
[SourceQuality "1"]
[TimeControl "40/5400+30:1800+30"]

1. d4 d5 2. c4 c6 3. Nc3 Nf6 4. e3 Bf5 5. Nf3 e6 6. Nh4 Bg6 7. Qb3 {[%emt 0:09:13] D12: Slav Defence: 3 Nf3 Nf6 4 e3 Bf5.} Qc7 {[%emt 0:00:14] 7...Qc7 is better than 7...Qb6.} 8. Bd2 Ne4 9. Nxg6 Nxd2 10. Kxd2 hxg6 11. Rc1 dxc4 12. Bxc4 Nd7 13. h4 $146 ({Predecessor:} 13. h3 O-O-O 14. Kc2 Qa5 15. Kb1 Be7 16. Rhd1 Kb8 17. Bd3 Nf6 18. Ne4 Qd5 19. Qxd5 Nxd5 {½-½ Baumgartner,U (2238)-Bergmann,M (2449) LSS WC-2009-T-00006 2008}) 13... Be7 14. g3 Nb6 15. Bd3 a5 16. a3 a4 17. Qd1 e5 18. dxe5 Qxe5 19. Qg4 Nd7 20. Ke2 Qf6 21. Bb1 Rh5 22. Rhd1 Nc5 23. Ba2 Kf8 24. Rd2 Qe5 25. Qc4 Qf6 26. Qg4 Qe5 27. Qc4 Qf6 28. Rcd1 Re8 29. Nxa4 Rf5 $1 30. Kf1 b5 $1 31. Nxc5 $1 Bxc5 32. Qc2 Bxe3 33. Re2 Rc5 (33... c5 $11 {remains equal.}) 34. Qb3 $1 $16 Qf3 $1 35. Qxf7+ $1 ({But not} 35. Rxe3 $6 Rxe3 36. Qxf7+ Qxf7 $11) 35... Qxf7 36. Bxf7 Kxf7 37. fxe3 ({Much worse is} 37. Rxe3 $6 Rxe3 38. fxe3 g5 $11) (37. Rd7+ $5 Kf8 (37... Ke6 38. Rxg7 Kf6 39. Rd7 $16) 38. fxe3 $16 (38. Rxe3 Rxe3 39. fxe3 Rc2 $14)) 37... Ree5 38. Rd7+ Kf6 (38... Re7 $16 39. Rd4 g5) 39. e4 (39. Rf2+ $18 Ke6 40. Rxg7) 39... g5 40. h5 Re7 (40... Rc1+ $16 {keeps fighting.} 41. Kg2 g4) 41. Rf2+ $18 Ke6 42. Rxe7+ Kxe7 43. g4 ({Better is} 43. Rf5 $18 Rc1+ 44. Kf2) 43... Rc4 $16 44. Rf5 Rxe4 45. Rxg5 Kf7 46. Kf2 Rc4 47. Ke3 (47. Rf5+ $18 Kg8 48. Kg3) 47... Rc2 $16 48. Rf5+ Kg8 (48... Ke6 $16) 49. Rf2 $1 $18 Rc4 50. Rf4 $1 Rc2 51. Rf2 (51. Rb4 $1 $18) 51... Rc4 $1 $16 52. Rf4 (52. g5 $16) 52... Rc2 $18 53. Rb4 $1 Kf7 54. Kd3 Rc1 55. Rf4+ Ke6 56. Rf5 Rc4 57. Rg5 Kf6 58. Rg6+ Kf7 59. b3 Rc1 60. Kd2 Rc5 61. Rd6 Ke7 62. Rd4 Ke6 63. Re4+ Kf6 $2 (63... Kd7 $18 64. b4 Rd5+ 65. Ke3 c5 66. bxc5 Rxc5) 64. Rf4+ Ke6 65. Rf5 Rxf5 66. gxf5+ Kxf5 67. a4 Ke5 68. Kc3 Kd5 {[%emt 0:01:07] [#]} 69. Kb4 $1 bxa4 70. bxa4 Kd4 71. a5 c5+ {[%emt 0:00:04] [#]} 72. Ka3 $1 Kd5 73. Kb3 c4+ 74. Kc3 Kc5 75. a6 Kb6 76. Kxc4 Kxa6 77. Kd5 Kb7 78. Ke6 1-0

[Event "Icelandic Championship 2024"]
[Site "Mosfellsbaer"]
[Date "2024.04.21"]
[Round "6.3"]
[White "Domalchuk-Jonasson, Aleksandr"]
[Black "Prudnykova, Olga"]
[Result "1-0"]
[ECO "A48"]
[WhiteElo "2368"]
[BlackElo "2263"]
[Annotator "TA"]
[PlyCount "97"]
[EventDate "2024.04.16"]
[EventType "tourn"]
[EventCountry "ISL"]
[SourceTitle "playchess.com"]
[Source "ChessBase"]
[SourceQuality "1"]
[TimeControl "40/5400+30:1800+30"]

1. d4 Nf6 2. Nf3 g6 3. Nbd2 Bg7 4. e4 d5 5. e5 Ne4 6. Bd3 Nxd2 7. Bxd2 c5 8. c3 {[%emt 0:15:11] The position is equal.} Nc6 9. dxc5 Nxe5 10. Nxe5 Bxe5 11. f4 Bg7 12. Qf3 O-O 13. O-O b6 14. Be3 $1 bxc5 15. Bxc5 Rb8 16. Rae1 Re8 17. f5 {[%emt 0:03:42] fxg6 is the strong threat.} Bxf5 (17... e5 $14) 18. Bxf5 $16 (18. Bxa7 $2 Bxd3 (18... Rxb2 19. Bxf5 Rxa2 20. Bc5 $11) 19. Qxd3 Rxb2 $19) 18... gxf5 19. Qxf5 (19. Bxa7 $6 Ra8 20. Be3 e6 $11) 19... e5 (19... Rxb2 $16 {was called for.} 20. Qxf7+ (20. Bxa7 Rf8 $14) 20... Kh8) 20. Qxf7+ $18 Kh8 21. Re3 (21. Bxa7 Rxb2 22. Qh5 Rxa2 $11) 21... Rxb2 22. Rg3 (22. Bxa7 $2 Re7 (22... Rxa2 23. Bb6 $14) 23. Qf5 Rxa7 $19) (22. Qxa7 Qc8 $14) 22... Rg8 23. h4 {[%emt 0:09:44] White has more active pieces.} (23. Bxa7 $6 Rxa2 24. Bc5 Ra6 $14) (23. Qxa7 Qc8 $16) ({Better is} 23. Rh3 {[%cal Oh3h7] Threatening mate with Rxh7+!} Qe8 24. Qxd5 (24. Qxa7 Qc8 $14)) 23... Bh6 $2 {[%emt 0:05:31][%mdl 8192] [#]} (23... Rb8 $16) 24. Bd6 $1 Re2 ({And not} 24... Rxg3 25. Bxe5+ (25. Qxd5 {is a self mate.} Be3+) (25. Qxd5 {leads to mate.} Be3+)) 25. Rxg8+ $40 {[%emt 0:03:13][%mdl 128] White wants a kill.} Qxg8 {[%emt 0:00:04] [#]} 26. Qf3 (26. Qxa7 $2 Qxg2#) 26... Re3 27. Qf6+ Qg7 (27... Bg7 $142 28. Qe7 Rxc3 29. Bxe5 Rc8) 28. Qd8+ Qg8 29. Bf8 {[%emt 0:01:11] Qf6+ would now be deadly.} Rg3 30. Qf6+ Bg7 31. Bxg7+ Rxg7 {[%emt 0:03:44][%mdl 4096] Endgame. KQR-KQR} 32. h5 h6 33. Qxh6+ Qh7 34. Rf8+ Rg8 35. Qxh7+ Kxh7 36. Rxg8 {[%emt 0:00:05] White mates.} Kxg8 {[%emt 0:00:01] KP-KP} 37. g4 Kg7 38. g5 Kf7 39. Kf2 Ke6 40. Kf3 Kf5 41. g6 Kf6 42. Kg4 a6 43. a3 a5 44. a4 Kg7 45. Kg5 e4 46. h6+ Kg8 47. Kf6 e3 48. h7+ Kh8 49. Kf7 {[%emt 0:00:07] Weighted Error Value: White=0.07 (flawless) /Black=0.32.  Loses game:     	---       	Black=2      Mistake:       	White=1     	Black=3      Inaccurate:     	White=2     	Black=1      OK:         	White=5     	Black=5      Best:        	White=2     	Black=1      Strong:       	White=1     	---        Brilliant:      	White=1     	---} 1-0